 Dungeon Crawl Stone Soup version 0.27-a0-1529-g1e82c303ef (webtiles) character file.

Game seed: 1542077390454102889

153 garrulousMonolith the Ducker (level 5, 0/39 HPs)
             Began as a Djinni Air Elementalist on July 12, 2021.
             Slain by an orc wizard (4 damage)
             ... on level 3 of the Dungeon.
             The game lasted 00:04:55 (4289 turns).

garrulousMonolith the Ducker (DjAE)                 Turns: 4289, Time: 00:04:55

Health: 0/39       AC:  2    Str:  7    XL:     5   Next: 61%
Gold:   113        EV: 13    Int: 17    God:
                   SH:  0    Dex: 14

rFire    + + .     SeeInvis .   p - +1 hand axe (elec)
rCold    x . .     Faith    .   (no shield)
rNeg     . . .     Spirit   .   a - +0 robe
rPois    ∞         Reflect  .   (no helmet)
rElec    .         Harm     .   (no cloak)
rCorr    .         Rampage  .   (no gloves)
Will     .....                  (boots unavailable)
Stlth    ++........             (no amulet)
HPRegen  0.13/turn              (no ring)
MPRegen  0.00/turn              (no ring)

@: flying
A: sickness immunity, fire resistance 2, cold vulnerability 1, float, innate
caster, hp casting, extra vitality 1
a: no special abilities


You were on level 3 of the Dungeon.
You visited 1 branch of the dungeon, and saw 3 of its levels.

You collected 113 gold pieces.

Inventory:

Hand Weapons
 m - a +0 dagger
 n - a +0 hunting sling
 p - a +1 hand axe of electrocution (weapon)
Missiles
 f - 27 poisoned darts
 o - 5 stones
Armour
 a - a +0 robe (worn)
 q - a +0 helmet
Jewellery
 l - a ring of flight
Scrolls
 b - 3 scrolls of enchant armour {unknown}
 c - 4 scrolls of identify {unknown}
 d - a scroll of noise {unknown}
 g - a scroll of fear {unknown}
 h - a scroll of vulnerability {unknown}
 i - a scroll of blinking {unknown}
Potions
 e - a potion of lignification {unknown}
 j - a potion of brilliance {unknown}


   Skills:
 * Level 2.3 Fighting
 + Level 3.3 Dodging
 + Level 2.4 Stealth
 * Level 3.2 Spellcasting


You couldn't memorise any spells.
You knew the following spells:

 Your Spells              Type           Power      Damage    Failure   Level
a - Shock                 Conj/Air       52%        1d6       4%          1
b - Swiftness             Air            13%        N/A       13%         3
c - Static Discharge      Conj/Air       13%        N/A       7%          2
d - Airstrike             Air            6%         N/A       41%         4
e - Sandblast             Erth           26%        2d8       4%          1
f - Poisonous Vapours     Pois/Air       26%        N/A       7%          2
Your spell library was empty.

Dungeon Overview and Level Annotations

Branches:
Dungeon (3/15)

Altars:
Wu Jian


Innate Abilities, Weirdness & Mutations

You are immune to sickness and miasma.
You are immune to poison.
Your flesh is very heat resistant. (rF++)
You are vulnerable to cold. (rC-)
You float through the air rather than walking.
You learn spells naturally, not from books.
Your magical power is your life essence.
You have superior vitality. (+4 HP)


Message History

You aren't carrying any items that you can evoke.
You hit the orc.
The orc is heavily wounded.
The orc hits you with a +0 hand axe.
* * * LOW HITPOINT WARNING * * *
You feel better.
An orc comes into view. It is wielding a +0 club.
The orc hits you with a +0 hand axe.
* * * LOW HITPOINT WARNING * * *
The orc wizard mumbles some strange words.
The orc wizard flickers and vanishes!
Deactivating autopickup; reactivate with Ctrl-A.
Casting: Shock (safe; 4% risk of failure)
Confirm with . or Enter, or press ? or * to list all spells.
The orc is struck by an arc of lightning.
The orc is almost dead.
You are struck by an arc of lightning.
* * * LOW HITPOINT WARNING * * *
The lightning grounds out.
The orc shouts!
* * * LOW HITPOINT WARNING * * *
The orc misses you.
Casting: Static Discharge (safe; 7% risk of failure)
Confirm with . or Enter, or press ? or * to list all spells.
Aiming: Shock (safe; 4% risk of failure)
Press: ? - help, Shift-Dir - straight line, f - orc
Aim: an orc, wielding a +0 hand axe and wearing a +0 ring mail (almost dead, 72% to hit)
The zap hits the orc.
You kill the orc!
* * * LOW HITPOINT WARNING * * *
Casting: Shock (safe; 4% risk of failure)
Confirm with . or Enter, or press ? or * to list all spells.
Aiming: Shock (safe; 4% risk of failure)
Press: ? - help, Shift-Dir - straight line, f - orc
Aim: an orc, wielding a +0 hand axe and wearing a +0 leather armour (68% to hit)
The zap hits the orc.
The orc is severely wounded.
* * * LOW HITPOINT WARNING * * *
Something hits you.
You die...

#........##
#..#.......#
#>#.##......#
###. ##...#.#
# ##.##.#
#.##.# #
#)##.#
#.####.##.#
#..@{oo)..#
######....#
###..# ..#
..# .# .#


You could see 2 orcs.

Vanquished Creatures
  Robin (D:3)
  4 adders
  2 worms (D:2)
  5 dart slugs
  6 orcs (D:3)
  5 endoplasms (D:2)
  2 giant cockroaches (D:2)
  15 goblins
  9 hobgoblins
  A quokka (D:2)
  6 ball pythons
  5 bats
  2 frilled lizards
  8 kobolds
  9 rats
80 creatures vanquished.

Notes
Turn   | Place    | Note
-------+----------+-------------------------------------------
     0 | D:1      | garrulousMonolith the Djinni Air Elementalist began the
                  | quest for the Orb.
     0 | D:1      | Reached XP level 1. HP: 15/15 MP: 0/0
   568 | D:1      | Reached XP level 2. HP: 18/21 MP: 0/0
  1092 | D:1      | Reached XP level 3. HP: 21/26 MP: 0/0
  1092 | D:1      | Learned a level 1 spell: Sandblast
  1486 | D:2      | Reached skill level 1 in Fighting
  2150 | D:2      | Reached XP level 4. HP: 24/32 MP: 0/0
  2940 | D:2      | Found a faded altar of an unknown god.
  3421 | D:3      | Reached XP level 5. HP: 28/38 MP: 0/0
  3421 | D:3      | Learned a level 2 spell: Poisonous Vapours
  3842 | D:3      | Found an ornate altar of the Wu Jian Council.
  4258 | D:3      | Noticed Robin
  4272 | D:3      | Killed Robin
  4281 | D:3      | HP: 1/38 [orc wizard (3)]
  4289 | D:3      | Slain by an orc wizard

Illustrated notes

Levels and vault maps discovered:
D:1:      lordsloth_arrival_two_stooges, layout_basic
D:2:      kennysheep_six_static_rooms, layout_basic,
          shapermc_ecumenical_altar_notcrosses, minmay_diced_spiral
D:3:      layout_loops_ring, lemuel_tele_altar,
          mainiacjoe_overflow_catch_the_wave, uniq_robin,
          uniq_crazy_yiuf_cottage

Skill      XL: |  1  2  3  4  5 |
---------------+----------------+-----
Stealth        | 2 |  2.4
Fighting       | 1 2 |  2.3
Spellcasting   | 3 |  3.2
Dodging        | 3 |  3.3

Action                   |  1- 3 |  4- 6 || total
-------------------------+-------+-------++-------
Melee: Hand axe          |       |    18 ||    18
 Cast: Shock             |    72 |    66 ||   138
       Static Discharge  |     6 |     7 ||    13
  Use: Potion            |       |     2 ||     2
Armor: Robe              |     2 |     8 ||    10
Dodge: Dodged            |    13 |    32 ||    45

Table legend: (Time is in decaauts)
 A = Elapsed time spent in this place.
 B = Non-inter-level travel time spent in this place.
 C = Inter-level travel time spent in this place.
 D = Time resting spent in this place.
 E = Time spent auto-exploring this place.
 F = Levels seen in this place.
 G = Mean time per level.
                   A        B        C        D        E       F      G
               +--------+--------+--------+--------+--------+-----+--------+
         Total |   4292 |   4208 |     84 |   1250 |   2638 |   3 | 1430.7 |
       Dungeon |   4292 |   4208 |     84 |   1250 |   2638 |   3 | 1430.7 |
               +--------+--------+--------+--------+--------+-----+--------+

Top non-repeatable levels by time:
     D:2: 1909 daAuts
     D:1: 1420 daAuts
     D:3: 963 daAuts
